 Dungeon Crawl Stone Soup version 0.30.1-9-gdf580d7c3d (webtiles) character file.

Game seed: 8479937062658349338

14 eliilek the Shield-Bearer (level 2, 0/27 HPs)
             Began as a Minotaur Fighter on Sept 28, 2023.
             Was an Initiate of Gozag.
             Succumbed to an adder's poison
             ... on level 1 of the Dungeon.
             The game lasted 00:03:14 (853 turns).

eliilek the Shield-Bearer (Minotaur Fighter)         Turns: 853, Time: 00:03:14

Health: 0/27       AC: 11    Str: 20    XL:     2   Next: 27%
Magic:  1/1        EV:  5    Int:  5    God:    Gozag
Gold:   91         SH:  4    Dex:  9    Spells: 1/1 levels left

rFire   . . .        a - +0 flail
rCold   . . .        c - +0 buckler
rNeg    . . .        e - +0 plate armour
rPois   .            (helmet restricted)
rElec   .            (no cloak)
rCorr   .            (no gloves)
SInv    .            (no boots)
Will    .....        g - amulet of guardian spirit Stlth
                     (no ring)
HPRegen 0.24/turn    (no ring)
MPRegen 0.07/turn

%: guardian spirit
@: mighty, lethally poisoned (0 -> -5), gold aura
A: horns 2, retaliatory headbutt
a: Renounce Religion, Potion Petition, Call Merchant, Bribe Branch


You were on level 1 of the Dungeon.
You worshipped Gozag.
Gozag was noncommittal.
You visited 1 branch of the dungeon, and saw 2 of its levels.

You collected 91 gold pieces.

Inventory:

Hand Weapons
 a - a +0 flail (weapon)
Missiles
 b - 5 poisoned darts (quivered)
Armour
 c - a +0 buckler (worn)
 e - a +0 plate armour (worn)
Jewellery
 g - an amulet of guardian spirit (around neck)
Scrolls
 f - 2 scrolls of identify {unknown}
 h - a scroll of enchant armour {unknown}
 i - a scroll of blinking {unknown}


   Skills:
 + Level 3.8 Fighting
 * Level 2.8 Maces & Flails
 + Level 3.8 Armour
 * Level 4.0 Shields


You had one spell level left.
You didn't know any spells.
Your spell library was empty.

Dungeon Overview and Level Annotations

Branches:
Dungeon (2/15)

Altars:
Gozag


Innate Abilities, Weirdness & Mutations

You have a pair of horns on your head.
You reflexively headbutt those who attack you in melee.


Message History

You climb downwards.
The adder bites you but does no damage. The adder bites you.
You are poisoned.
The adder poisons you! The adder bites you but does no damage.
The adder bites you.
You are more poisoned.
The adder poisons you!
There is a stone staircase leading up here.
You closely miss the adder.
You feel very sick. The dart slug launches a dart at you.
The slug dart hits you.
The adder bites you but does no damage. x2
You miss the adder.
You feel sick. The adder bites you. The adder closely misses you.
The adder barely misses you. The adder bites you but does no damage.
You feel sick. The adder barely misses you.
The adder bites you but does no damage. The dart slug launches a dart at you.
You block the slug dart.
You climb upwards.
You feel sick.
There is a stone staircase leading down here.
Okay, then.
You feel very mighty all of a sudden.
You feel sick. The adder bites you but does no damage.
You block the adder's attack. The adder bites you.
* * * LOW HITPOINT WARNING * * *
You are lethally poisoned!
The adder poisons you! The adder attacks as you move away!
The adder bites you but does no damage.
* * * LOW HITPOINT WARNING * * *
You feel sick. You block the adder's attack.
The adder bites you but does no damage.
You see here a +0 dagger.
You barely miss the adder.
* * * LOW HITPOINT WARNING * * *
You feel sick. The adder bites you but does no damage.
The adder barely misses you. x2
You closely miss the adder.
You die...
Your body crumbles into a pile of gold.

##### #######.#.# ..........#
........#.#
#######.#.##################
................S>.........###
........#.######@S...........#
..........##...#.............#
.#.........'...#.............#
.#.#########...#>............#
.#.#...........#.............#
.#.#.######....#.............####
##.#........#.##.............'..#
...######.#.#.##.............##.#
............#.##.............##.#


You could see 2 adders.

Vanquished Creatures
  2 hobgoblins (D:1)
  5 jackals (D:1)
  A kobold (D:1)
  2 goblins (D:1)
  A rat (D:1)
11 creatures vanquished.

Notes
Turn   | Place    | Note
-------+----------+-------------------------------------------
     0 | D:1      | eliilek the Minotaur Fighter began the quest for the Orb.
     0 | D:1      | Reached XP level 1. HP: 19/19 MP: 0/0
   387 | D:1      | Reached XP level 2. HP: 27/27 MP: 1/1
   556 | D:1      | Found a faded altar of an unknown god.
   599 | D:1      | Prayed at the altar of an unknown god.
   599 | D:1      | Became a worshipper of Gozag Ym Sagoz the Greedy
   841 | D:1      | Reached skill level 4 in Shields
   853 | D:1      | Succumbed to an adder's poison

Illustrated notes

Levels and vault maps discovered:
D:1:      giann_bridges, layout_basic, shapermc_ecumenical_altar_starsandcircs
D:2:      minmay_diamond_boxcup, layout_basic

Skill      XL: |  1  2 |
---------------+-------+-----
Shields        | 4 |  4.0
Fighting       | |  3.8
Maces & Flails | |  2.8
Armour         | |  3.8

Action                     || total
---------------------------++-------
  Melee: Flail             ||    29
         Headbutt          ||     3
    Use: Potion            ||     1
 Armour: Plate armour      ||    31
  Dodge: Dodged            ||    14
  Block: Buckler           ||    11
